 Dungeon Crawl Stone Soup version 0.25.1-2-g60ff931df9 (webtiles) character file.

Game seed: 17184749066733311179

23 sankara the Digger (level 3, -4/19 HPs)
             Began as a Gargoyle Earth Elementalist on Sept 9, 2020.
             Engulfed by a cloud of flame (23 damage)
             ... on level 2 of the Dungeon.
             The game lasted 00:04:39 (1428 turns).

sankara the Digger (Gargoyle Earth Elementalist)    Turns: 1428, Time: 00:04:40

Health: -4/19      AC:  5    Str: 11    XL:     3   Next: 0%
Magic:  6/6        EV: 12    Int: 16    God:
Gold:   71         SH:  0    Dex: 10    Spells: 0/6 levels left

rFire    . . .     SeeInvis .   a - +0 short sword
rCold    . . .     Gourm    .   (no shield)
rNeg     + . .     Faith    .   c - +0 robe
rPois    ∞         Spirit   .   (no helmet)
rElec    +         Reflect  .   (no cloak)
rCorr    .         Harm     .   (no gloves)
MR       .....                  (no boots)
Stlth    ++........             (no amulet)
HPRegen  0.06/turn              (no ring)
MPRegen  0.10/turn              (no ring)

@: no status effects
A: negative energy resistance 1, electricity resistance, unbreathing,
petrification resistance, rot immunity, AC +3
a: no special abilities


You were on level 2 of the Dungeon.
You were not hungry.

You visited 1 branch of the dungeon, and saw 2 of its levels.

You collected 71 gold pieces.

Inventory:

Hand Weapons
 a - a +0 short sword (weapon)
 f - a +0 whip
 m - a +0 hunting sling
Missiles
 b - 45 stones (quivered)
 k - a throwing net
Armour
 c - a +0 robe (worn)
Jewellery
 p - an uncursed amulet of faith
Scrolls
 e - a scroll of identify
 l - a scroll of enchant weapon {unknown}
 n - a scroll of teleportation {unknown}
 q - a scroll of remove curse {unknown}
Potions
 g - a potion of curing {unknown}
 h - a potion of invisibility {unknown}
 i - a potion of berserk rage {unknown}
 o - a potion of might {unknown}
Comestibles
 d - 3 rations


   Skills:
 + Level 0.2 Short Blades
 + Level 1.9 Dodging
 + Level 2.6 Stealth
 + Level 2.2 Spellcasting
 + Level 0.0 Conjurations
 + Level 0.7 Transmutations
 * Level 4.1 Earth Magic


You couldn't memorise any spells.
You knew the following spells:

 Your Spells              Type           Power        Failure   Level  Hunger
a - Sandblast             Erth           ###...       3%          1    #......
b - Passwall              Tmut/Erth      #.......     12%         2    ###....
c - Stone Arrow           Conj/Erth      #.....       26%         3    ###....

Your spell library contained the following spells:

 Spells                   Type           Power        Failure   Level  Hunger
 Petrify                  Tmut/Erth      #.......     58%         4    #####..
 Lee's Rapid Deconstruct  Erth           ###.......   71%         5    ######.


Dungeon Overview and Level Annotations

Branches:
Dungeon (2/15)

Altars:
Vehumet


Innate Abilities, Weirdness & Mutations

You are resistant to torment.
Your stone body is resilient. (AC +3)
You are immune to poison.
You resist negative energy. (rN+)
You are resistant to electric shocks. (rElec)
You can survive without breathing.
You are immune to petrification.
You are immune to rotting.


Message History

You finish memorising.
Spell assigned to 'c'.
Okay, then.
Done exploring.
Done exploring.
(D) Dungeon
Where to? (Enter - D:1 @ (x,y), ? - help)
There is an open gate here.
There is a stone staircase leading down here.
You climb downwards.
Found a scroll labeled DEXKEI YSORCH.
Found a radiant altar of Vehumet.
There is a stone staircase leading up here.
Really walk into a travel-excluded area?
Okay, then.
Okay, then.
Really walk into a travel-excluded area?
Found a thick bone amulet.
Really walk into that cloud of flame?
You are engulfed in blazing flames.
Ouch! That really hurt!
You die...

#### #...####
#..○...# #..°.○.##
#?..@...########
......○.○..........
.#...§.°.○#<#######
#......###.#
."......+ ...
.#......###.##
#....... ...
........ ... ...


There were no monsters in sight!

Vanquished Creatures
  A dart slug (D:1)
  A leopard gecko (D:1)
  2 giant cockroaches (D:1)
  2 hobgoblins (D:1)
  6 jackals (D:1)
  2 bats (D:1)
  3 frilled lizards (D:1)
  2 rats (D:1)
19 creatures vanquished.

Notes
Turn   | Place    | Note
-------+----------+-------------------------------------------
     0 | D:1      | sankara the Gargoyle Earth Elementalist began the quest for
                  | the Orb.
     0 | D:1      | Reached XP level 1. HP: 10/10 MP: 3/3
   255 | D:1      | Reached XP level 2. HP: 8/15 MP: 3/5
   265 | D:1      | Learned a level 2 spell: Passwall
   486 | D:1      | Reached skill level 4 in Earth Magic
  1255 | D:1      | Reached XP level 3. HP: 19/19 MP: 6/6
  1376 | D:1      | Learned a level 3 spell: Stone Arrow
  1423 | D:2      | Found a radiant altar of Vehumet.
  1428 | D:2      | Engulfed by a cloud of flame

Illustrated notes

Levels and vault maps discovered:
D:1:      lemuel_arrival_funnel, layout_loops_ring
D:2:      layout_basic, fiery_altar_vehumet, minmay_gold_behind_fungi,
          amethyst_killhole, minmay_misc_feat_nine_boxes,
          chequers_serial_rivers_micro_c

Skill      XL: |  1  2 |
---------------+-------+-----
Earth Magic    | 4 |  4.1
Short Blades   | |  0.2
Dodging        | |  1.9
Stealth        | |  2.6
Spellcasting   | |  2.2
Transmutations | |  0.7

Action                   || total
-------------------------++-------
Melee: Short sword       ||    65
 Cast: Sandblast         ||    10
       Passwall          ||     1
  Use: Scroll            ||     1
 Stab: Sleeping          ||     2
  Eat: Chunk             ||     2
Armor: Robe              ||    26
Dodge: Dodged            ||    52
